 Dungeon Crawl Stone Soup version 0.31-a0-1009-g454b1f1e0a (webtiles) character file.

Game seed: 12057176469381420765

42 Malachi the Chopper (level 3, -10/28 HPs)
             Began as a Demonspawn Gladiator on Nov 16, 2023.
             Mangled by Robin
             ... wielding a +0 short sword of electrocution
              (11 damage)
             ... on level 2 of the Dungeon.
             The game lasted 00:01:15 (958 turns).

Malachi the Chopper (Demonspawn Gladiator)           Turns: 958, Time: 00:01:16

Health: -10/28     AC:  6    Str: 16    XL:     3   Next: 35%
Magic:  3/3        EV: 12    Int:  9    God:
Gold:   31         SH:  0    Dex: 14    Spells: 2/2 levels left

rFire   . . .        a - +0 war axe
rCold   . . .        (no shield)
rNeg    . . .        b - +0 leather armour
rPois   .            c - +0 helmet
rElec   .            (no cloak)
rCorr   .            (no gloves)
SInv    .            (no boots)
Will    .....        (no amulet)
Stlth   +            (no ring)
HPRegen 0.24/turn    (no ring)
MPRegen 0.08/turn

%: no passive effects
@: no status effects
A: yellow scales 1
a: no special abilities


You were on level 2 of the Dungeon.
You visited 1 branch of the dungeon, and saw 2 of its levels.

You collected 31 gold pieces.

Inventory:

Hand Weapons
 a - a +0 war axe (weapon)
Missiles
 d - 3 throwing nets (quivered)
 e - a javelin
 h - 2 boomerangs
Armour
 b - a +0 leather armour (worn)
 c - a +0 helmet (worn)
Scrolls
 f - a scroll of vulnerability {unknown}
 i - a scroll of enchant armour {unknown}
 j - a scroll of silence {unknown}
Potions
 g - a potion of lignification {unknown}


   Skills:
 + Level 2.8 Fighting
 + Level 3.2 Axes
 - Level 2.0 Throwing
 - Level 2.8 Dodging


You had 2 spell levels left.
You didn't know any spells.
Your spell library contained the following spells:

 Spells                   Type           Power      Damage    Failure   Level
 Lesser Beckoning         Tloc           0%         N/A       58%         2
 Gell's Gravitas          Tloc           0%         N/A       83%         3
 Teleport Other           Tloc           0%         N/A       83%         3


Dungeon Overview and Level Annotations

Branches:
Dungeon (2/15)

Altars:

Shops:
D:1 ?

Annotations:
D:2 Robin


Innate Abilities, Weirdness & Mutations

You are partially covered in yellow scales. (AC +2)


Message History

Robin roars a battlecry!
The goblins go into a battle-frenzy!
The goblin hits you but does no damage. The goblin barely misses you.
The goblin hits you with a +0 club.
You slash the goblin!
You kill the goblin!
You barely miss the goblin. The goblin hits you with a +0 club.
Unknown command.
You barely miss the goblin.
The goblin is heavily wounded.
The goblin hits you but does no damage.
Unknown command.
You closely miss the goblin.
The goblin is heavily wounded.
The goblin hits you with a +0 club. The goblin misses you.
Unknown command.
You closely miss the goblin.
The goblin is heavily wounded.
The goblin completely misses you.
Unknown command.
You hit the goblin.
You kill the goblin!
No target in view!
No target in view!
No target in view!
Robin closely misses you.
You see here a hobgoblin corpse.
You barely miss Robin. Robin hits you but does no damage.
You are electrocuted!!
Ouch! That really hurt!
* * * LOW HITPOINT WARNING * * *
Robin hits you but does no damage.
You are too injured to fight recklessly!
You are too injured to fight recklessly!
You barely miss Robin.
Robin hits you with a +0 short sword of electrocution.
* * * LOW HITPOINT WARNING * * *
You are electrocuted!
You die...
Robin says, "And that's why I'm the boss."

##...##$. .....#...
##.......
#?.....#..#
#+###.....##..# #
#..........#..#.
#†)>...#...
#.))...#.##
######@.<....#
#....g..#.#..#
#......#.......#
#.#....#.#..#..#
#..#.#.#..##.#
......#.......#
.....g.###.#####
.........#.##.......
......##.#.##.......


You could see Robin.

Vanquished Creatures
  3 dart slugs
  A ball python (D:1)
  A giant cockroach (D:1)
  8 goblins
  7 hobgoblins
  2 kobolds (D:1)
  3 bats (D:1)
  4 frilled lizards (D:1)
  3 rats
32 creatures vanquished.

Notes
Turn   | Place    | Note
-------+----------+-------------------------------------------
     0 | D:1      | Malachi the Demonspawn Gladiator began the quest for the
                  | Orb.
     0 | D:1      | Reached XP level 1. HP: 16/16 MP: 1/1
    96 | D:1      | Gained mutation: You are partially covered in yellow
                  | scales. (AC +2) [demonic ancestry]
    96 | D:1      | Reached XP level 2. HP: 11/22 MP: 2/2
   453 | D:1      | Reached skill level 3 in Axes
   659 | D:1      | Found Beuj's Magic Scroll Emporium.
   782 | D:2      | Reached XP level 3. HP: 28/28 MP: 3/3
   938 | D:2      | Noticed Robin
   958 | D:2      | HP: 1/28 [Robin/+0 short sword of electrocution (1)]
   958 | D:2      | Mangled by Robin

Illustrated notes

Levels and vault maps discovered:
D:1:      scummos_arrival_gate, layout_rooms, serial_shops,
          nicolae_shop_real_fake_doors
D:2:      layout_basic, uniq_natasha, uniq_robin

Skill      XL: |  1  2 |
---------------+-------+-----
Throwing       | 2 |  2.0
Axes           | 3 |  3.2
Fighting       | |  2.8
Dodging        | |  2.8

Action                     || total
---------------------------++-------
  Melee: War axe           ||    87
 Armour: Leather armour    ||    71
  Dodge: Dodged            ||    81

Table legend: (Time is in decaauts)
 A = Elapsed time spent in this place.
 B = Non-inter-level travel time spent in this place.
 C = Inter-level travel time spent in this place.
 D = Time resting spent in this place.
 E = Time spent auto-exploring this place.
 F = Levels seen in this place.
 G = Mean time per level.
                   A        B        C        D        E       F      G
               +--------+--------+--------+--------+--------+-----+--------+
         Total |    987 |    944 |     43 |    274 |    465 |   2 |  493.5 |
       Dungeon |    987 |    944 |     43 |    274 |    465 |   2 |  493.5 |
               +--------+--------+--------+--------+--------+-----+--------+

Top non-repeatable levels by time:
     D:1: 739 daAuts
     D:2: 247 daAuts
